 Dungeon Crawl Stone Soup version 0.31-a0-1336-g7fd7ca34b5 (webtiles) character file.

Game seed: 3078946926878650994

31 inmateoo the Charlatan (level 3, 0/28 HPs)
             Began as a Demonspawn Wanderer on Dec 21, 2023.
             Succumbed to an adder's poison
             ... on level 2 of the Dungeon.
             The game lasted 00:01:37 (1075 turns).

inmateoo the Charlatan (Demonspawn Wanderer)        Turns: 1075, Time: 00:01:38

Health: 0/28       AC:  2    Str: 12    XL:     3   Next: 7%
Magic:  5/6        EV: 12    Int: 10    God:
Gold:   34         SH:  0    Dex: 16    Spells: 5/6 levels left

rFire   . . .        a - +0 dagger
rCold   . . .        (no shield)
rNeg    . . .        e - +0 robe
rPois   .            (no helmet)
rElec   .            (no cloak)
rCorr   .            (no gloves)
SInv    .            (no boots)
Will    .....        (no amulet)
Stlth   ++           (no ring)
HPRegen 0.24/turn    (no ring)
MPRegen 0.10/turn

%: no passive effects
@: lethally poisoned (0 -> -1), very slightly contaminated
A: claws 1, weakness stinger 1
a: no special abilities


You were on level 2 of the Dungeon.
You visited 1 branch of the dungeon, and saw 2 of its levels.

You collected 34 gold pieces.

Inventory:

Hand Weapons
 a - a +0 dagger (weapon)
Missiles
 b - 9 boomerangs (quivered)
Armour
 e - a +0 robe (worn)
Scrolls
 d - a scroll of blinking
 f - a scroll of amnesia
 i - a scroll of enchant armour {unknown}
Potions
 g - 4 potions of heal wounds {unknown}
 h - a potion of curing {unknown}
Miscellaneous
 c - a phantom mirror


   Skills:
 + Level 2.8 Fighting
 - Level 1.7 Throwing
 - Level 1.0 Dodging
 - Level 1.0 Stealth
 - Level 2.0 Spellcasting
 - Level 1.0 Ice Magic
 - Level 3.0 Evocations


You had 5 spell levels left.
You knew the following spells:

 Your Spells              Type           Power      Damage    Failure   Level
a - Freeze                Ice            12%        1d3       21%         1

Your spell library contained the following spells:

 Spells                   Type           Power      Damage    Failure   Level
 Mercury Vapours          Alch/Air       2%         N/A       43%         2
 Ozocubu's Armour         Ice            3%         N/A       52%         3
 Mephitic Cloud           Conj/Alch/Air  1%         N/A       67%         3
 Freezing Cloud           Conj/Ice/Air   0%         6-21      100%        5


Dungeon Overview and Level Annotations

Branches:
Dungeon (2/15)

Altars:

Shops:
D:1 ?*:((


Innate Abilities, Weirdness & Mutations

You have sharp fingernails.
You have a small tail.


Message History

The adder bites you.
You are poisoned.
The adder poisons you!
You completely miss the adder. Your claw misses the adder.
The adder is heavily wounded.
You feel sick. The adder misses you. The adder bites you.
A rat comes into view.
The rat squeaks loudly.
You hit the adder but do no damage.
The adder is heavily wounded.
You feel sick.
You hear a shout!
The adder bites you.
You are more poisoned.
The adder poisons you!
You barely miss the adder.
The adder is heavily wounded.
You feel sick. The adder bites you.
You are too injured to fight recklessly!
You feel sick. The adder barely misses you.
You feel sick.
The rat twitches its whiskers.
The hobgoblin closely misses you.
You see here a +0 flail.
You feel sick. The adder attacks as it pursues you!
The adder bites you but does no damage.
The rat twitches its whiskers.
You feel sick. The adder attacks as it pursues you!
The adder bites you but does no damage.
You feel sick. The adder bites you.
* * * LOW HITPOINT WARNING * * *
Casting: Freeze (safe; 21% risk of failure)
Confirm with . or Enter, or press ? or * to list all spells.
Aiming: Freeze (safe; 21% risk of failure)
Press: ? - help, Shift-Dir - straight line, f - adder
Aim: an adder (heavily wounded)
You miscast Freeze.
You are very lightly contaminated with residual magic.
Nothing appears to happen.
You die...

##.....#####..............
##.........#.......#.......
##....####.##...............
##....# #....#..#..........
##....# ##.##.........)....
....... ...##...........$..
##...........^..............
#...............S.g........
............###@##)........
##....... #.##..r.....#
##....#. ..#.......... ..##
##.#.......... .#
..#.......... ###..........
#.......... ##....>...#
##......##


You could see an adder and a hobgoblin.

Vanquished Creatures
  3 bats (D:1)
  2 endoplasms
  2 giant cockroaches
  7 goblins
  A hobgoblin (D:2)
  5 ball pythons
  4 frilled lizards
  3 kobolds
  3 rats
30 creatures vanquished.

Notes
Turn   | Place    | Note
-------+----------+-------------------------------------------
     0 | D:1      | inmateoo the Demonspawn Wanderer began the quest for the
                  | Orb.
     0 | D:1      | inmateoo set off with the following items: a +0 dagger, 9
                  | boomerangs, a phantom mirror, a scroll of blinking, a +0
                  | robe; and the following spell memorised: Freeze; and the
                  | following spells available to memorise: Ozocubu's Armour.
     0 | D:1      | Reached XP level 1. HP: 13/13 MP: 3/3
    17 | D:1      | Found Aro Fug's Weapon Shop.
    28 | D:1      | Reached skill level 1 in Fighting
    91 | D:1      | Found Akhlixues's Book Emporium.
   130 | D:1      | Found Ruylanie's Antique Weapon Shoppe.
   160 | D:1      | Discovered your monstrous ancestry.
   160 | D:1      | Gained mutation: You have a small tail. [demonic ancestry]
   160 | D:1      | Reached XP level 2. HP: 22/22 MP: 5/5
   218 | D:1      | Found Suschechi's General Store.
   345 | D:1      | Found Giriph's Magic Scroll Emporium.
   839 | D:2      | Gained mutation: You have sharp fingernails. [demonic
                  | ancestry]
   839 | D:2      | Reached XP level 3. HP: 16/28 MP: 6/6
  1074 | D:2      | HP: 1/28 [adder (4)]
  1075 | D:2      | Succumbed to an adder's poison

Illustrated notes

Levels and vault maps discovered:
D:1:      lightli_arrival_lavapool, layout_basic, serial_shops,
          nicolae_shop_stone, nicolae_shop_back_alley_shop, shop,
          nicolae_shop_hallway_plus, nicolae_shop_waterfront
D:2:      minmay_evil_eye, layout_rooms, minmay_ruptured, uniq_sigmund

Skill      XL: |  1  2 |
---------------+-------+-----
Fighting       | 1 2 |  2.8
Throwing       | |  1.7
Dodging        | |  1.0
Stealth        | |  1.0
Spellcasting   | |  2.0
Ice Magic      | |  1.0
Evocations     | |  3.0

Action                     || total
---------------------------++-------
  Melee: Dagger            ||   100
         Tailslap          ||     8
    Use: Scroll            ||     3
   Stab: Sleeping          ||     2
 Armour: Robe              ||    56
  Dodge: Dodged            ||    61

Table legend: (Time is in decaauts)
 A = Elapsed time spent in this place.
 B = Non-inter-level travel time spent in this place.
 C = Inter-level travel time spent in this place.
 D = Time resting spent in this place.
 E = Time spent auto-exploring this place.
 F = Levels seen in this place.
 G = Mean time per level.
                   A        B        C        D        E       F      G
               +--------+--------+--------+--------+--------+-----+--------+
         Total |   1076 |   1052 |     24 |    177 |    657 |   2 |  538.0 |
       Dungeon |   1076 |   1052 |     24 |    177 |    657 |   2 |  538.0 |
               +--------+--------+--------+--------+--------+-----+--------+

Top non-repeatable levels by time:
     D:1: 773 daAuts
     D:2: 302 daAuts
